 Dungeon Crawl Stone Soup version 0.29-a0-1043-g569b05d6ff (webtiles) character file.

Game seed: 13829819375351742735

198 purpskrrrp the Shield-Bearer (level 5, -1/46 HPs)
             Began as a Demigod Fighter on Aug 15, 2022.
             Slain by an ogre
             ... wielding a +0 giant club
              (16 damage)
             ... on level 4 of the Dungeon.
             The game lasted 00:05:12 (3167 turns).

purpskrrrp the Shield-Bearer (Demigod Fighter)      Turns: 3167, Time: 00:05:13

Health: -1/46      AC: 13    Str: 21    XL:     5   Next: 23%
Magic:  0/7        EV:  9    Int: 10    God:
Gold:   83         SH:  5    Dex: 13    Spells: 4/4 levels left

rFire   . . .      SeeInvis .   a - +0 flail
rCold   . . .      Faith    .   c - +0 buckler
rNeg    . . .      Spirit   +   b - +0 scale mail
rPois   .          Reflect  .   m - +0 helmet
rElec   .          Harm     .   (no cloak)
rCorr   .          Rampage  .   v - +0 pair of gloves
Will    .....                   (no boots)
Stlth   ..........              t - amulet of guardian spirit
HPRegen 0.15/turn               g - +4 ring of protection
MPRegen 0.10/turn               (no ring)

@: mighty
A: high MP 1, forlorn, divine attributes
a: no special abilities


You were on level 4 of the Dungeon.
You visited 1 branch of the dungeon, and saw 4 of its levels.

You collected 83 gold pieces.

Inventory:

Hand Weapons
 a - a +0 flail (weapon)
Armour
 b - a +0 scale mail (worn)
 c - a +0 buckler (worn)
 m - a +0 helmet (worn)
 n - a +0 plate armour
 v - a +0 pair of gloves (worn)
Jewellery
 g - a +4 ring of protection (left hand)
 t - an amulet of guardian spirit (around neck)
Scrolls
 h - a scroll of silence {unknown}
 i - a scroll of poison {unknown}
 j - 3 scrolls of noise {unknown}
 k - 5 scrolls of vulnerability {unknown}
 l - a scroll of enchant armour {unknown}
 o - 2 scrolls of immolation {unknown}
 p - a scroll of summoning {unknown}
 r - 3 scrolls of identify {unknown}
 u - a scroll of teleportation {unknown}
 x - a scroll of enchant weapon {unknown}
 y - a scroll of magic mapping {unknown}
Potions
 e - a potion of brilliance {unknown}
 f - 2 potions of heal wounds {unknown}
 q - a potion of lignification {unknown}
 s - a potion of attraction {unknown}
 w - a potion of curing {unknown}
 z - a potion of cancellation {unknown}


   Skills:
 + Level 3.6 Fighting
 + Level 3.0 Maces & Flails
 + Level 3.6 Armour
 + Level 3.6 Shields


You had 4 spell levels left.
You didn't know any spells.
Your spell library contained the following spells:

 Spells                   Type           Power      Damage    Failure   Level
 Gell's Gravitas          Tloc           0%         N/A       99%         3
 Lesser Beckoning         Tloc           0%         N/A       99%         3
 Teleport Other           Tloc           0%         N/A       99%         3


Dungeon Overview and Level Annotations

Branches:
Dungeon (4/15)
 Temple: D:4-7


Innate Abilities, Weirdness & Mutations

You have an increased reservoir of magic. (+10% MP)
You shall have no god before yourself.
Your divine heritage dramatically boosts your attributes as you level up.


Message History

You sock the goblin!
You kill the goblin!
You thump the black bear!
The black bear is heavily wounded.
The black bear misses you.
The black bear claws you but does no damage. x2
You barely miss the black bear.
The black bear is heavily wounded.
The black bear bites you.
The black bear claws you but does no damage.
The black bear misses you.
The black bear bites you but does no damage.
You block the black bear's attack. The black bear claws you.
You are too injured to fight recklessly!
You barely miss the black bear.
The black bear is heavily wounded.
The black bear bites you but does no damage.
The black bear claws you.
The black bear claws you but does no damage.
You sock the black bear!
The black bear is almost dead.
The black bear closely misses you.
The black bear claws you but does no damage. x2
You barely miss the black bear.
The black bear is almost dead.
The black bear bites you. The black bear barely misses you.
You block the black bear's attack. The black bear closely misses you.
The black bear claws you but does no damage.
The black bear claws you.
You completely miss the black bear.
The black bear is almost dead.
The black bear goes berserk!
You sock the black bear!
You kill the black bear!
Your Maces & Flails skill increases to level 3!
You have reached level 5!
You sock the ogre!
The ogre is moderately wounded.
The ogre hits you with a +0 giant club!
You die...

#.
###...###
......g.
........
.......
###$..###
#......@#
#.#...#O#
#...#.##
##.....#
####.?#
#..#
....#
.#..# #.
..#


You could see an ogre.

Vanquished Creatures
  A black bear (D:4)
  3 adders (D:2)
  5 worms
  A dart slug (D:2)
  An orc (D:3)
  6 ball pythons
  5 endoplasms
  5 giant cockroaches
  8 goblins
  6 hobgoblins
  7 kobolds
  2 quokkas (D:1)
  6 bats
  4 frilled lizards
  6 rats
66 creatures vanquished.

Notes
Turn   | Place    | Note
-------+----------+-------------------------------------------
     0 | D:1      | purpskrrrp the Demigod Fighter began the quest for the Orb.
     0 | D:1      | Reached XP level 1. HP: 18/18 MP: 3/3
   468 | D:1      | Reached XP level 2. HP: 25/25 MP: 4/4
  1186 | D:2      | Reached XP level 3. HP: 23/31 MP: 5/5
  2068 | D:3      | Reached XP level 4. HP: 38/38 MP: 6/6
  3140 | D:4      | Noticed a black bear
  3140 | D:4      | Noticed an ogre
  3166 | D:4      | Killed a black bear
  3167 | D:4      | Reached XP level 5. HP: 14/46 MP: 1/7
  3167 | D:4      | Slain by an ogre

Illustrated notes

Levels and vault maps discovered:
D:1:      dpeg_arrival_lava_temple_mockup, layout_loops_corners,
          basic_ecumenical_altar
D:2:      layout_basic, basic_altar
D:3:      layout_loops_corners, mainiacjoe_overflow_tiny_flanked,
          kennysheep_nub, grunt_decor_fettered
D:4:      layout_loops_cross, dk_rats_in_the_wall, uniq_crazy_yiuf_cottage

Skill      XL: |  1  2  3  4 |
---------------+-------------+-----
Maces & Flails | 2 3 |  3.0
Fighting       | 3 |  3.6
Armour         | 3 |  3.6
Shields        | 3 |  3.6

Action                   |  1- 3 |  4- 6 || total
-------------------------+-------+-------++-------
Melee: Flail             |   165 |    65 ||   230
  Use: Potion            |       |     1 ||     1
Armor: Scale mail        |   139 |    38 ||   177
Dodge: Dodged            |    86 |    34 ||   120
Block: Buckler           |    32 |    22 ||    54

Table legend: (Time is in decaauts)
 A = Elapsed time spent in this place.
 B = Non-inter-level travel time spent in this place.
 C = Inter-level travel time spent in this place.
 D = Time resting spent in this place.
 E = Time spent auto-exploring this place.
 F = Levels seen in this place.
 G = Mean time per level.
                   A        B        C        D        E       F      G
               +--------+--------+--------+--------+--------+-----+--------+
         Total |   3240 |   3199 |     41 |    125 |   2508 |   4 |  810.0 |
       Dungeon |   3240 |   3199 |     41 |    125 |   2508 |   4 |  810.0 |
               +--------+--------+--------+--------+--------+-----+--------+

Top non-repeatable levels by time:
     D:1: 1195 daAuts
     D:3: 1183 daAuts
     D:2: 828 daAuts
     D:4: 32 daAuts
